cohdb
Replays
Latest Replays
All Replays
Popular Replays
Top Player Replays
Match Explorer
How It Works
Community
CoH3 Stats
Reddit
Sign in to upload your games and track your stats! →
Sign in with Steam
Match 46144363
Unlisted
Match 46144363
Overview
Messages
Build Orders
End
Construct Barracks
Selects Armored Battlegroup
Selects Veteran Crews
1⁄4-ton 4x4 Truck
Riflemen Squad
Riflemen Squad
Riflemen Squad
Infantry Support Center
Construct Medical Station
Construct Motor Pool
M1 Anti-tank Gun Team
M8 Greyhound Armored Car
M1 Anti-tank Gun Team
Engineer Squad
M1918 Browning Automatic Rifles
Selects Strength in Steel
Selects M8 Scott SPG
M8 Scott SPG
Grenade Package
M1 Anti-tank Gun Team
Engineer Squad
Selects M31 Recovery Vehicle
Selects War Machine
Advanced Logistics
M24 Chaffee Light Tank
Construct Tank Depot
M1 Anti-tank Gun Team
Selects UNKNOWN (2160077)
M4A3E8 Sherman Easy Eight
M1 Anti-tank Gun Team
Riflemen Squad
M1 Anti-tank Gun Team
M18 Hellcat Tank Destroyer
M4A3E8 Sherman Easy Eight
MasterStef
Treadz
0
0
Comments
sign in to comment!
No comments posted yet!